 Dungeon Crawl Stone Soup version 0.26-a0-362-g1d9a9cd4fa (webtiles) character file.

Game seed: 11696495678809585173

21 MrRokkomies the Vexing (level 3, 0/20 HPs)
             Began as a Kobold Arcane Marksman on July 18, 2020.
             Killed from afar by a dart slug (2 damage)
             ... with a slug dart
             ... on level 1 of the Dungeon.
             The game lasted 00:02:13 (1047 turns).

MrRokkomies the Vexing (Kobold Arcane Marksman)     Turns: 1047, Time: 00:02:13

Health: 0/20       AC:  5    Str:  8    XL:     3   Next: 5%
Magic:  4/4        EV: 15    Int: 14    God:
Gold:   48         SH:  0    Dex: 15    Spells: 3/4 levels left

rFire    . . .     SeeInvis .   a - +0 hand crossbow
rCold    . . .     Faith    .   (shield restricted)
rNeg     . . .     Spirit   .   e - +0 robe
rPois    .         Reflect  .   (no helmet)
rElec    .         Harm     .   g - +2 cloak
rCorr    .                      (no gloves)
MR       .....                  (no boots)
Stlth    ++........             (no amulet)
HPRegen  0.06/turn              (no ring)
MPRegen  0.09/turn              (no ring)

@: no status effects
A: small
a: no special abilities


You were on level 1 of the Dungeon.
You visited 1 branch of the dungeon, and saw 1 of its levels.

You collected 48 gold pieces.

Inventory:

Hand Weapons
 a - a +0 hand crossbow (weapon)
 b - a +0 dagger
Missiles
 d - 15 bolts (quivered)
Armour
 e - a +0 robe (worn)
 g - a +2 cloak (worn)
Scrolls
 c - 3 scrolls of teleportation {unknown}
 h - a scroll of remove curse {unknown}
Potions
 f - 2 potions of mutation {unknown}


   Skills:
 - Level 1.1 Fighting
 * Level 3.0 Crossbows
 + Level 2.7 Dodging
 + Level 1.1 Stealth
 - Level 1.1 Spellcasting
 * Level 3.3 Hexes


You had 3 spell levels left.
You knew the following spells:

 Your Spells              Type           Power        Failure   Level
a - Corona                Hex            ##.....      7%          1

Your spell library contained the following spells:

 Spells                   Type           Power        Failure   Level
 Slow                     Hex            ##......     10%         2
 Inner Flame              Hex/Fire       #.......     36%         3
 Portal Projectile        Hex/Tloc       #.....       36%         3
 Cause Fear               Hex            ##........   54%         4
 Leda's Liquefaction      Hex/Erth       #.........   78%         4


Dungeon Overview and Level Annotations

Branches:
Dungeon (1/15)

Altars:


Message History

The bat hits you but does no damage. The bat closely misses you.
Firing (i - inventory)
d - 18 bolts (quivered)
Press: ? - help, Shift-Dir - straight line, f - bat
Aim: a bat You shoot a bolt.
The bolt hits the bat!
You kill the bat!
Firing (i - inventory)
d - 17 bolts (quivered)
Press: ? - help, Shift-Dir - straight line, f - dart slug
Aim: a dart slug You shoot a bolt.
The bolt hits the dart slug.
The dart slug is moderately wounded.
Firing (i - inventory)
d - 16 bolts (quivered)
Press: ? - help, Shift-Dir - straight line, f/p - dart slug
Aim: a dart slug (moderately wounded)
You shoot a bolt.
The bolt hits the dart slug but does no damage.
The dart slug is moderately wounded.
The dart slug launches a dart at you. The slug dart hits you.
You die...

#.# #.# #.# #.# #.# #.#
#########.###.##
...............####
#####.......#..... #
#...#......### .
#####........#.# #
#@.............###
#.###........#.#.. # #.#
#...#....#.#.# . # #.#
#...##.......# #. #. #(#
#†..##..#.(#.# ..
#.#######w###...##..#.(#..
..
.##.......(.............(###
#. .................##.##..#
# #
#.##...†...####.##.##..###


You could see a dart slug.

Vanquished Creatures
  A ball python (D:1)
  3 giant cockroaches (D:1)
  3 goblins (D:1)
  3 hobgoblins (D:1)
  4 bats (D:1)
  A frilled lizard (D:1)
  4 kobolds (D:1)
  A rat (D:1)
20 creatures vanquished.

Notes
Turn   | Place    | Note
-------+----------+-------------------------------------------
     0 | D:1      | MrRokkomies the Kobold Arcane Marksman began the quest for
                  | the Orb.
     0 | D:1      | Reached XP level 1. HP: 12/12 MP: 2/2
    55 | D:1      | Reached XP level 2. HP: 16/16 MP: 3/3
   692 | D:1      | Reached skill level 1 in Stealth
   943 | D:1      | Reached XP level 3. HP: 14/20 MP: 4/4
  1040 | D:1      | HP: 1/20 [bat (1)]
  1047 | D:1      | Killed from afar by a dart slug

Illustrated notes

Levels and vault maps discovered:
D:1:      co_arrival_random_square_maze, layout_loops_ring

Skill      XL: |  1  2 |
---------------+-------+-----
Stealth        | 1 |  1.1
Crossbows      | 3 |  3.0
Fighting       | |  1.1
Dodging        | |  2.7
Spellcasting   | |  1.1
Hexes          | |  3.3

Action                   || total
-------------------------++-------
Melee: Dagger            ||    77
 Fire: Hand crossbow     ||    16
 Stab: Sleeping          ||     5
Armor: Robe              ||    20
Dodge: Dodged            ||    87

Table legend:
 A = Non-vault XP
 B = Vault XP
 C = Vault XP percentage of total XP
 D = Non-vault monster count
 E = Vault monster count
 F = Vault count percentage of total count
                 A         B        C        D         E       F
            +---------+---------+-------+---------+---------+-------
      Total |      31 |       0 |   0.0 |      20 |       0 |   0.0
            +---------+---------+-------+---------+---------+-------
        D:1 |      31 |       0 |   0.0 |      20 |       0 |   0.0
            +---------+---------+-------+---------+---------+-------
